 Dungeon Crawl Stone Soup version 0.29.1-15-g9cfb28693d (console) character file.

Game seed: 8193836036938304545

1277 om the Ducker (level 8, 0/78 HPs)
             Began as a Troll Fighter on Apr 28, 2023.
             Slain by an orc warrior
             ... wielding a +0 trident
              (13 damage)
             ... on level 6 of the Dungeon.
             The game lasted 00:08:27 (3850 turns).

om the Ducker (Troll Fighter)                       Turns: 3850, Time: 00:08:27

Health: 0/78       AC:  9    Str: 27    XL:     8   Next: 29%
Magic:  7/7        EV:  9    Int:  4    God:
Gold:   129        SH:  7    Dex:  9    Spells: 7/7 levels left

rFire   . . .      SeeInvis .     - Unarmed
rCold   + + .      Faith    .   b - +0 kite shield
rNeg    . . .      Spirit   .   s - +1 robe of the Bright God {rElec rC++}
rPois   +          Reflect  .   (helmet restricted)
rElec   +          Harm     .   (no cloak)
rCorr   .          Rampage  .   (gloves unavailable)
Will    .....                   (boots unavailable)
Stlth   +.........              (no amulet)
HPRegen 1.03/turn               o - ring "Gyr Fao" {Wiz rPois}
MPRegen 0.10/turn               r - +4 ring of protection

@: no status effects
A: large, unfitting armour, claws 3, regeneration 1, shaggy fur 1, tough skin 1
a: no special abilities


You were on level 6 of the Dungeon.
You visited 1 branch of the dungeon, and saw 6 of its levels.

You collected 305 gold pieces.
You spent 176 gold pieces at shops.

Inventory:

Hand Weapons
 v - a +2 whip of venom
Armour
 b - a +0 kite shield (worn)
 s - the +1 robe of the Bright God (worn) {rElec rC++}
   (You bought it in a shop on level 4 of the Dungeon)

   rC:        It greatly protects you from cold.
   rElec:     It insulates you from electricity.
Jewellery
 f - an amulet of faith
 o - the ring "Gyr Fao" (left claw) {Wiz rPois}
   (You found it on level 3 of the Dungeon)

   [ring of wizardry]

   It improves your spell success rate.
   rPois:     It protects you from poison.
 r - a +4 ring of protection (right claw)
 t - a +4 ring of evasion
Wands
 n - a wand of light (10)
 u - a wand of flame (18)
Scrolls
 e - 3 scrolls of amnesia
 g - a scroll of fear {unknown}
 h - a scroll of teleportation {unknown}
 k - a scroll of immolation {unknown}
 p - a scroll of brand weapon {unknown}
Potions
 a - a potion of haste {unknown}
 c - a potion of might
 d - a potion of flight {unknown}
 j - a potion of magic
 l - a potion of degeneration
 m - a potion of cancellation
 q - 2 potions of attraction
 w - a potion of brilliance {unknown}


   Skills:
 + Level 4.1 Fighting
 - Level 6.0 Dodging
 - Level 1.0 Stealth
 - Level 3.0 Shields
 * Level 2.9 Unarmed Combat
 - Level 4.0 Evocations


You had 7 spell levels left.
You didn't know any spells.
Your spell library contained the following spells:

 Spells                   Type           Power      Damage    Failure   Level
 Foxfire                  Conj/Fire      0%         2x1d4     45%         1
 Magic Dart               Conj           0%         1d3       45%         1
 Searing Ray              Conj           0%         2d4       58%         2
 Sublimation of Blood     Necr           0%         N/A       58%         2
 Wereblood                Tmut           0%         N/A       58%         2
 Conjure Flame            Conj/Fire      0%         6-21      82%         3
 Inner Flame              Hex/Fire       0%         N/A       82%         3
 Flame Wave               Conj/Fire      0%         2d4       99%         4
 Fulminant Prism          Conj/Hex       0%         3d6       99%         4
 Summon Hydra             Summ           0%         N/A       100%        7


Dungeon Overview and Level Annotations

Branches:
Dungeon (6/15)             Temple (0/1) D:5

Altars:
Vehumet

Shops:
D:4 *


Innate Abilities, Weirdness & Mutations

You are too large for most types of armour.
You have claws for hands.
Your natural rate of healing is unusually fast.
You are covered in fur. (AC +1)
You have tough skin. (AC +1)


Message History

The orc priest miscasts a cantrip.
You closely miss the orc priest.
The orc priest calls down the wrath of Beogh upon you.
Beogh smites you!
The orc priest begins to cast a cantrip, but forgets the words!
The orc warrior hits you from afar with a +0 trident!
You closely miss the orc priest.
The orc warrior hits you from afar with a +0 trident.
You scratch the orc priest.
The orc priest is lightly wounded.
The orc priest barely misses you. You block the orc priest's attack.
The orc warrior hits you from afar with a +0 trident.
You claw the orc priest!
You kill the orc priest!
You block the orc priest's attack.
The orc warrior hits you but does no damage.
The orc priest hits you with a +0 flail.
The orc warrior hits you with a +0 trident.
Things that are here:
a +0 flail; a +0 ring mail You scratch the orc priest but do no damage.
The orc priest hits you but does no damage.
The orc priest mumbles some strange prayers to Beogh against you.
You struggle to resist.
The orc warrior closely misses you.
You barely miss the orc priest. The orc barely misses you.
You block the orc priest's attack.
The orc warrior hits you with a +0 trident.
You closely miss the orc priest. The orc hits you with a +0 flail.
The orc priest invokes the aid of Beogh against you.
Beogh smites you!
The orc warrior hits you with a +0 trident!
* * * LOW HITPOINT WARNING * * *
You feel better. The orc closely misses you.
The orc priest hits you with a +0 flail.
* * * LOW HITPOINT WARNING * * *
The orc warrior hits you with a +0 trident.
* * * LOW HITPOINT WARNING * * *
The orc priest looks encouraged for a moment.
The orc warrior hits you from afar with a +0 trident!
You die...

........))......#
................#
................#
..........<.....#
#######..###...##
#######...###+#
#..............
#.....o........
#...oo@........
####'##########
... ..... #.....
#..... #+####


You could see an orc warrior, an orc priest and an orc.

Vanquished Creatures
  Sigmund (D:6)
  A steam dragon (D:5)
  An ice beast (D:3)
  A kobold brigand (D:6)
  A gnoll sergeant (D:6)
  2 scorpions
  3 jellies (D:5)
  4 orc priests
  3 iguanas
  4 orc wizards
  11 gnolls
  8 adders
  3 worms
  A dart slug (D:1)
  13 orcs
  9 endoplasms
  2 giant cockroaches
  5 goblins
  5 hobgoblins
  3 jackals
  8 kobolds
  3 quokkas
  5 ball pythons
  5 bats
  6 frilled lizards
  5 rats
113 creatures vanquished.

Notes
Turn   | Place    | Note
-------+----------+-------------------------------------------
     0 | D:1      | om the Troll Fighter began the quest for the Orb.
     0 | D:1      | Reached XP level 1. HP: 22/22 MP: 0/0
   235 | D:1      | Reached XP level 2. HP: 29/29 MP: 1/1
   370 | D:1      | Found a faded altar of an unknown god.
   734 | D:2      | Reached XP level 3. HP: 36/36 MP: 2/2
   809 | D:2      | Reached skill level 3 in Dodging
  1237 | D:2      | Reached XP level 4. HP: 43/45 MP: 3/3
  1411 | D:3      | Found a radiant altar of Vehumet.
  1679 | D:3      | Noticed an ice beast
  1692 | D:3      | Killed an ice beast
  1693 | D:3      | Reached skill level 4 in Dodging
  1693 | D:3      | Reached XP level 5. HP: 38/53 MP: 4/4
  1817 | D:3      | Reached skill level 1 in Stealth
  1817 | D:3      | Reached XP level 6. HP: 42/61 MP: 5/5
  1831 | D:3      | Reached skill level 5 in Dodging
  1908 | D:3      | Identified the ring "Gyr Fao" {Wiz rPois}
  2421 | D:4      | Found Sonnogg's Assorted Antiques.
  2804 | D:4      | Bought a heavy robe for 176 gold pieces
  2804 | D:4      | Identified the +1 robe of the Bright God {rElec rC++} (You
                  | bought it in a shop on level 4 of the Dungeon)
  2824 | D:5      | Entered Level 5 of the Dungeon
  2829 | D:5      | Found a staircase to the Ecumenical Temple.
  3261 | D:5      | Reached skill level 1 in Evocations
  3277 | D:5      | Reached XP level 7. HP: 62/67 MP: 6/6
  3400 | D:6      | Noticed a steam dragon
  3420 | D:5      | Killed a steam dragon
  3506 | D:6      | Reached skill level 6 in Dodging
  3612 | D:6      | Noticed Sigmund
  3700 | D:6      | Killed Sigmund
  3701 | D:6      | Reached XP level 8. HP: 62/78 MP: 7/7
  3850 | D:6      | Slain by an orc warrior

Illustrated notes

Levels and vault maps discovered:
D:1:      wheals_arrival_shading, layout_loops_ring,
          shapermc_ecumenical_altar_acropolis, minmay_statues_item,
          nicolae_titane
D:2:      layout_loops_ring
D:3:      layout_basic, mainiacjoe_overflow_small_starburst,
          grunt_decor_mini_mirrors
D:4:      layout_basic, serial_shops, nicolae_shop_trees
D:5:      minmay_chambers_of_fours, layout_basic, temple_pool_b
D:6:      layout_gridville, uniq_sigmund

Skill      XL: |  1  2  3  4  5  6  7  8 |
---------------+-------------------------+-----
Shields        | 3 |  3.0
Fighting       | 3 4 |  4.1
Dodging        | 3 4 5 6 |  6.0
Stealth        | 1 |  1.0
Evocations     | 1 3 4 |  4.0
Unarmed Combat | |  2.9

Action                   |  1- 3 |  4- 6 |  7- 9 || total
-------------------------+-------+-------+-------++-------
Melee: Unarmed           |    97 |   204 |   128 ||   429
Evoke: Wand              |       |     1 |     1 ||     2
  Use: Scroll            |       |     5 |     2 ||     7
       Potion            |       |       |     2 ||     2
 Stab: Sleeping          |     2 |     1 |       ||     3
       Invisible         |       |       |     1 ||     1
Armor: Robe              |    32 |    60 |    38 ||   130
Dodge: Dodged            |    26 |   106 |    43 ||   175
Block: Kite shield       |    24 |    85 |    49 ||   158
